 Dungeon Crawl Stone Soup version 0.32-a0-468-g38b2580584 (webtiles) character file.

Game seed: 10906840281263805467

166 Armakuni the Twirler (level 5, -3/42 HPs)
             Began as a Human Wanderer on Feb 25, 2024.
             Slain by Sigmund
             ... wielding a +0 scythe
              (5 damage)
             ... on level 3 of the Dungeon.
             The game lasted 00:04:56 (1569 turns).

Armakuni the Twirler (Human Wanderer)               Turns: 1569, Time: 00:04:57

Health: -3/42      AC:  5    Str: 16    XL:     5   Next: 47%
Magic:  6/6        EV: 10    Int: 11    God:
Gold:   58         SH:  0    Dex: 12    Spells: 5/6 levels left

rFire   . . .        b - +0 dagger (venom)
rCold   . . .        (no shield)
rNeg    . . .        m - +0 ring mail
rPois   .            (no helmet)
rElec   .            (no cloak)
rCorr   .            (no gloves)
SInv    .            (no boots)
Will    .....        (no amulet)
Stlth   +            (no ring)
HPRegen 0.27/turn    (no ring)
MPRegen 0.10/turn

%: no passive effects
@: lethally poisoned (-3 -> -7)
A: explore regen
a: Convert to Beogh


You were on level 3 of the Dungeon.
You visited 1 branch of the dungeon, and saw 3 of its levels.

You collected 58 gold pieces.

Inventory:

Hand Weapons
 a - a +3 short sword
 b - a +0 dagger of venom (weapon)
Missiles
 f - 2 throwing nets
Armour
 m - a +0 ring mail (worn)
Magical Staves
 e - a staff of death
Jewellery
 J - a ring of ice
Scrolls
 l - 2 scrolls of identify {unknown}
 p - a scroll of torment {unknown}
 q - a scroll of teleportation {unknown}
Potions
 g - a potion of lignification {unknown}
 h - 2 potions of ambrosia {unknown}
 i - 2 potions of berserk rage {unknown}
 j - a potion of degeneration {unknown}
 k - a potion of enlightenment {unknown}
 o - a potion of attraction {unknown}


   Skills:
 - Level 4.0 Fighting
 - Level 3.9 Short Blades
 + Level 4.2 Staves
 - Level 1.0 Armour
 - Level 1.0 Spellcasting
 - Level 1.0 Air Magic


You had 5 spell levels left.
You knew the following spells:

 Your Spells              Type           Power      Damage    Failure   Level
a - Shock                 Conj/Air       4%         1d3       45%         1

Your spell library contained the following spells:

 Spells                   Type           Power      Damage    Failure   Level
 Slow                     Hex            0%         N/A       52%         1
 Call Imp                 Summ           0%         N/A       67%         2
 Sublimation of Blood     Necr           0%         N/A       67%         2
 Swiftness                Air            2%         N/A       77%         3
 Confusing Touch          Hex            0%         N/A       88%         3
 Ozocubu's Armour         Ice            0%         N/A       88%         3
 Sigil of Binding         Hex            0%         N/A       88%         3
 Vampiric Draining        Necr           0%         2d6       88%         3
 Metabolic Englaciation   Hex/Ice        0%         N/A       100%        5
 Sculpt Simulacrum        Ice/Alch       0%         N/A       100%        6
 Summon Hydra             Summ           0%         N/A       100%        7


Dungeon Overview and Level Annotations

Branches:
Dungeon (3/15)

Altars:

Annotations:
D:3 Sigmund


Innate Abilities, Weirdness & Mutations

You regain HP and MP as you explore.


Message History

The orc is heavily wounded.
The orc hits you with a +0 trident.
Sigmund's eyes start glowing with a red light.
You hit the orc.
The orc looks as sick as possible!
The orc is almost dead.
You kill the orc!
You hit the orc but do no damage.
The orc is poisoned.
The orc barely misses you. Sigmund hits you but does no damage.
The orc attacks as it pursues you! The orc hits you but does no damage.
The orc attacks as it pursues you! The orc barely misses you.
The orc attacks as it pursues you! The orc hits you with a +0 flail.
The orc attacks as it pursues you! The orc hits you but does no damage.
An adder comes into view.
Your hearing returns.
The adder hisses angrily.
Sigmund points at you and mumbles some strange words.
You resist with some effort.
You closely miss the adder. The adder closely misses you.
The orc attacks as it pursues you! The orc hits you with a +0 flail.
The adder closely misses you.
You kill the orc!
The adder barely misses you. The adder barely misses you.
The adder attacks as it pursues you! The adder bites you.
You are poisoned.
The adder poisons you!
You feel sick. The adder attacks as it pursues you! The adder bites you.
You are more poisoned.
The adder poisons you!
You feel sick.
You barely miss the adder.
You feel sick.
The adder bites you but does no damage. x2
You feel sick.
The orc priest calls down the wrath of Beogh upon you.
Beogh smites you!
* * * LOW HITPOINT WARNING * * *
Sigmund attacks as he pursues you!
Sigmund hits you from afar with a +0 scythe.
You die...
Sigmund begins carving another notch in his scythe.

...oo#...#....####..........#
###@##...#..................# #
#)##...#.....##...........#
##.##...#.....##...........#####
##..o....#........#..รท........<..
.....#...#.....####........######
...###...#.....##...#.##..## ..##
###.)o.o..##.###.##.##
..######..#.##@S@.###.##.#
#..).....##.##.#....#)##.#
...#...###..........#....###
.##........................#
.########...>..)...........# ##
##.................#
##................#
#........#.......#
#........#.......#


You could see Sigmund, an orc priest, an adder and an orc.

Vanquished Creatures
  An orc priest (D:3)
  Natasha (D:1)
  An orc wizard (D:3)
  3 adders
  A dart slug (D:1)
  A ribbon worm (D:2)
  5 orcs (D:3)
  6 ball pythons
  5 endoplasms
  A giant cockroach (D:1)
  5 goblins
  6 hobgoblins
  A quokka (D:1)
  4 bats
  8 kobolds
  6 rats
55 creatures vanquished.

Notes
Turn   | Place    | Note
-------+----------+-------------------------------------------
     0 | D:1      | Armakuni the Human Wanderer began the quest for the Orb.
     0 | D:1      | Armakuni set off with the following items: a +3 short
                  | sword, a potion of heal wounds, a +0 leather armour; and
                  | the following spell memorised: Shock; and the following
                  | spells available to memorise: Swiftness.
     0 | D:1      | Reached XP level 1. HP: 19/19 MP: 2/2
    57 | D:1      | Reached XP level 2. HP: 25/25 MP: 3/3
   248 | D:1      | Reached XP level 3. HP: 28/30 MP: 4/4
   257 | D:1      | Reached skill level 1 in Staves
   631 | D:2      | Noticed Natasha
   759 | D:1      | Killed Natasha
   760 | D:1      | Reached XP level 4. HP: 23/37 MP: 0/5
  1526 | D:3      | Noticed Sigmund
  1541 | D:3      | Reached XP level 5. HP: 39/42 MP: 3/6
  1569 | D:3      | HP: 2/42 [orc priest/divine providence (13)]
  1569 | D:3      | Slain by Sigmund

Illustrated notes

Levels and vault maps discovered:
D:1:      sevenhm_arrival_forest_fort_small_5, layout_basic,
          minmay_misc_feat_diagonals
D:2:      layout_basic, uniq_natasha
D:3:      layout_rooms, tso_metal_star, okawaru_altar_gauntlet_db, uniq_sigmund

Skill      XL: |  1  2  3  4  5 |
---------------+----------------+-----
Staves         | 2 3 4 |  4.2
Fighting       | |  4.0
Short Blades   | |  3.9
Armour         | |  1.0
Spellcasting   | |  1.0
Air Magic      | |  1.0

Action                     |  1- 3 |  4- 6 || total
---------------------------+-------+-------++-------
  Melee: Short sword       |    91 |    13 ||   104
         Dagger            |       |    61 ||    61
   Cast: Shock             |     1 |     2 ||     3
    Use: Scroll            |     1 |     2 ||     3
         Potion            |       |     2 ||     2
 Armour: Leather armour    |    48 |       ||    48
         Ring mail         |     4 |    57 ||    61
  Dodge: Dodged            |    51 |    43 ||    94

Table legend: (Time is in decaauts)
 A = Elapsed time spent in this place.
 B = Non-inter-level travel time spent in this place.
 C = Inter-level travel time spent in this place.
 D = Time resting spent in this place.
 E = Time spent auto-exploring this place.
 F = Levels seen in this place.
 G = Mean time per level.
                   A        B        C        D        E       F      G
               +--------+--------+--------+--------+--------+-----+--------+
         Total |   1545 |   1522 |     23 |    112 |    905 |   3 |  515.0 |
       Dungeon |   1545 |   1522 |     23 |    112 |    905 |   3 |  515.0 |
               +--------+--------+--------+--------+--------+-----+--------+

Top non-repeatable levels by time:
     D:2: 662 daAuts
     D:1: 626 daAuts
     D:3: 257 daAuts
